 Dungeon Crawl Stone Soup version 0.20.0 (webtiles) character file.

770 Danakh the Chopper (level 7, -11/55 HPs)
             Began as a Demonspawn Fighter on May 29, 2017.
             Was an Initiate of Ru.
             Mangled by a manticore (18 damage)
             ... on level 5 of the Dungeon.
             The game lasted 00:10:05 (3239 turns).

Danakh the Chopper (Demonspawn Fighter)             Turns: 3239, Time: 00:10:05

Health: -11/55     AC:  9    Str: 18    XL:     7   Next: 53%
Magic:  7/7        EV:  8    Int:  9    God:    Ru [......]
Gold:   190        SH:  9    Dex: 13    Spells: 6/6 levels left

rFire    . . .     SeeInvis .   t - +1 war axe (drain)
rCold    . . .     Gourm    .   c - +0 shield
rNeg     . . .     Faith    .   b - +0 scale mail
rPois    .         Spirit   .   w - +0 helmet
rElec    .         Reflect  .   v - +0 cloak
rCorr    .         Harm     .   (no gloves)
MR       +....                  (no boots)
Stlth    ..........             (no amulet)
Regen    0.2/turn               z - ring of protection from magic
MPRegen  0.1/turn               A - +3 ring of slaying

@: barbed spikes, very slow
A: demonic guardian 1, spiny 1, no stealth, sturdy frame 1
a: Renounce Religion


You were on level 5 of the Dungeon.
You worshipped Ru.
Ru was noncommittal.
You were not hungry.

You visited 1 branch of the dungeon, and saw 5 of its levels.

You collected 190 gold pieces.

Inventory:

Hand Weapons
 a - a +0 war axe
 t - a +1 war axe of draining (weapon)
Armour
 b - a +0 scale mail (worn)
 c - a +0 shield (worn)
 v - a +0 cloak (worn)
 w - a +0 helmet (worn)
Jewellery
 e - an uncursed ring of protection from fire
 z - a ring of protection from magic (left hand)
 A - a +3 ring of slaying (right hand)
Wands
 u - a wand of clouds (4/9)
 y - a wand of confusion (36/48)
Scrolls
 g - a scroll of recharging {unknown}
 h - 2 scrolls of identify {unknown}
 i - 2 scrolls of magic mapping {unknown}
 j - 3 scrolls of enchant weapon {unknown}
 k - 6 scrolls of remove curse {unknown}
 l - a scroll of blinking {unknown}
 n - a scroll of amnesia {unknown}
 r - 3 scrolls of noise {unknown}
 s - a scroll of teleportation {unknown}
Potions
 d - 3 potions of might
 m - a potion of degeneration {unknown}
 p - 2 potions of curing {unknown}
 q - 2 potions of mutation {unknown}
 x - 2 potions of invisibility {unknown}
Comestibles
 f - 7 bread rations
 o - 2 meat rations


   Skills:
 + Level 4.6 Fighting
 * Level 4.9 Axes
 + Level 4.4 Armour
 + Level 4.5 Shields


You had 6 spell levels left.
You didn't know any spells.

Dungeon Overview and Level Annotations

Branches:
Dungeon (5/15)             Temple (0/1) D:5

Altars:
Ashenzari
Dithmenos
Elyvilon
Gozag
Kikubaaqudgha
Nemelex Xobeh
Okawaru
Ru

Shops:
D:3 *


Innate Abilities, Weirdness & Mutations

A weak demonic guardian rushes to your aid.
You are partially covered in sharp spines.
You cannot be stealthy.
Your movements are slightly less encumbered by armour. (ER -2)


Message History

The manticore flicks its tail.
The volley of spikes hits your iron imp.
The manticore flicks its tail.
The volley of spikes hits your iron imp.
Your iron imp dies!
You eat one of the 3 meat rations.
That meat ration really hit the spot!
The manticore flicks its tail.
The volley of spikes hits you!
The barbed spikes become lodged in your body.
The barbs in your skin will harm you if you move.
Continue?
The barbed spikes dig painfully into your body as you move.
The manticore is struck by your spines. The manticore barely misses you.
The manticore claws you! x2; The manticore bites you!
* * * LOW HITPOINT WARNING * * *
The manticore barely misses you. The manticore claws you.
* * * LOW HITPOINT WARNING * * *
Your shield and scale mail prevent you from hitting the manticore.
The manticore is lightly wounded.
The manticore is struck by your spines. The manticore bites you!!
You die...

#.......#.#..##.#.######.#.
###########+###.#...)...######.#.
##........#>..................§..
##.######.#####.##....#.######.#.
##.# #.....<#.##.####.# #.#. ##.#
#..###.#.##.####.######.#. ##.#
#.........#.....(((..).... ##.#
#...##.############...#.#.
##.#####...####5@H≈≈...# #.#.#.#.
.......#...###≈########≈ #.#.#.#.
###.##.#.<.##.##≈≈/P. #.#.. ..
#.##.#.#.##.#;≈..P. #.###.#.
#.##.#.#.##.#;$≈P.. #.. .#.
#.##.#...##≈#;≈$P≈. ### ##
###.##.######≈##≈.... .......#
##≈######## ###....# #≈##≈.%≈.


You could see a manticore and a friendly shadow imp.

Vanquished Creatures
  A hungry ghost (D:5)
  Duvessa (D:5)
  An ice beast (D:5)
  A centaur (D:5)
  Dowan (D:5)
  A howler monkey (D:5)
  A bullfrog zombie (D:5)
  An orc wizard (D:3)
  2 worker ants (D:5)
  4 adders
  4 gnolls (D:2)
  A worm (D:2)
  2 dart slugs
  A leopard gecko (D:4)
  2 orcs (D:3)
  A bat (D:1)
  3 giant cockroaches
  6 goblins
  8 hobgoblins
  6 jackals
  2 kobolds (D:2)
  2 quokkas
  A ball python (D:5)
  3 frilled lizards
  A leopard gecko skeleton (D:4)
  6 rats
63 creatures vanquished.

Vanquished Creatures (collateral kills)
  The ghost of LeviathanJH the Digger, an amateur DrEE of Vehumet (D:4)
  A crimson imp (D:5)
  2 orcs (D:3)
4 creatures vanquished.

Grand Total: 67 creatures vanquished

Notes
Turn   | Place    | Note
-------+----------+-------------------------------------------
     0 | D:1      | Danakh the Demonspawn Fighter began the quest for the Orb.
     0 | D:1      | Reached XP level 1. HP: 18/18 MP: 1/1
    74 | D:1      | Gained mutation: You are partially covered in sharp spines. [demonic ancestry]
    74 | D:1      | Reached XP level 2. HP: 23/24 MP: 2/2
   616 | D:2      | Found a shattered altar of Ashenzari.
   634 | D:2      | Found a sacrificial altar of Ru.
   638 | D:2      | Found a white marble altar of Elyvilon.
   641 | D:2      | Found a sparkling altar of Nemelex Xobeh.
   657 | D:2      | Became a worshipper of Ru the Awakened
   680 | D:2      | Gained mutation: A weak demonic guardian rushes to your aid. [demonic ancestry]
   680 | D:2      | Reached XP level 3. HP: 29/29 MP: 3/3
   701 | D:2      | Reached XP level 4. HP: 15/35 MP: 4/4
   968 | D:2      | Found an ancient bone altar of Kikubaaqudgha.
  1223 | D:3      | Found a faded altar of an unknown god.
  1230 | D:3      | Gained mutation: Your movements are slightly less encumbered by armour. (ER -2) [demonic ancestry]
  1230 | D:3      | Reached XP level 5. HP: 31/41 MP: 5/5
  1303 | D:3      | Found an opulent altar of Gozag.
  1308 | D:3      | Found Gozag's Platinum Reserve.
  1725 | D:3      | Gained mutation: You cannot be stealthy. [Ru sacrifice]
  1900 | D:4      | Found an iron altar of Okawaru.
  2189 | D:4      | Found a shadowy altar of Dithmenos.
  2192 | D:4      | Noticed LeviathanJH's ghost (amateur DrEE)
  2207 | D:4      | Killed LeviathanJH's ghost
  2637 | D:5      | Entered Level 5 of the Dungeon
  2637 | D:5      | Noticed an ice beast
  2648 | D:5      | Killed an ice beast
  2648 | D:5      | Reached XP level 6. HP: 37/48 MP: 6/6
  2845 | D:5      | Noticed Duvessa
  2846 | D:5      | Noticed Dowan
  2866 | D:5      | Killed Duvessa
  2870 | D:5      | Killed Dowan
  2870 | D:5      | Reached XP level 7. HP: 55/55 MP: 7/7
  3013 | D:5      | Found a staircase to the Ecumenical Temple.
  3081 | D:5      | Noticed a hungry ghost
  3094 | D:5      | Killed a hungry ghost
  3234 | D:5      | Noticed a manticore
  3239 | D:5      | Mangled by a manticore

Skill      XL: |  1  2  3  4  5  6 |
---------------+-------------------+-----
Axes           | 2 3 4 |  4.9
Shields        | 3 4 |  4.5
Armour         | 3 4 |  4.4
Fighting       | 4 |  4.6

Action                   |  1- 3 |  4- 6 |  7- 9 || total
-------------------------+-------+-------+-------++-------
Melee: War axe           |    61 |    72 |    20 ||   153
Invok: Sacrifice Stealth |       |     1 |       ||     1
  Eat: Chunk             |       |     4 |       ||     4
       Royal jelly       |       |     1 |       ||     1
       Meat ration       |       |       |     1 ||     1
       Fruit             |       |       |     1 ||     1
Armor: Scale mail        |    26 |    30 |    10 ||    66
Dodge: Dodged            |    16 |    22 |     8 ||    46
Block: Shield            |    39 |    35 |    15 ||    89
